AoeStats
← Matsko

Nomad

510002246Analyzed
4v4 RM · 2d ago on Sep 29, 2026· 45m 42s· 8 players
Game mode
Random Map
Map size
231×231
Population
200
Speed
Normal
Resources
Standard
Victory
Conquest
Starting age
Dark Age
Ending age
Imperial Age
RankedLock teamsTeams togetherTeam positionsShared explorationLock speedFull tech treeHidden civsTurbo modeCheats
Victory
Defeat
🇺🇸 Chinese · United States
1198
+11
🇺🇸 Hindustanis · United States
1118
+14
🇨🇱 Spanish · Chile
1106
+15
🇺🇸 Byzantines · United States
1084
+16
🇨🇳 Spanish · China
1165
-17
🇨🇳 Franks · China
1152
-16
🇨🇱 Malay · Chile
1030
-12
🇳🇱 Britons · Netherlands
1000
-36
Agent Orange
5:14 Loom
14:29 Feudal Age
15:25 Gold Mining
15:21 Double-Bit Axe
19:05 Horse Collar
22:05 Castle Age
22:06 Stone Mining
22:09 Fishing Lines
24:14 Wheelbarrow
23:55 Bow Saw
23:45 Gillnets
24:30 Gambesons
25:43 Pikeman
27:31 Heavy Plow
28:33 Gold Shaft Mining
29:01 Scale Mail Armor
29:11 Forging
29:46 Stone Shaft Mining
29:54 Squires
29:39 Arson
32:05 Hand Cart
32:27 Chain Mail Armor
32:47 Iron Casting
37:01 Imperial Age
35:21 Fletching
38:12 Conscription
38:29 Hoardings
39:17 Plate Mail Armor
38:46 Bodkin Arrow
39:31 Halberdier
41:16 Crop Rotation
40:25 Elite Varangian Guard
42:22 Two-Man Saw
dlyons
3:05 Loom
14:11 Feudal Age
16:22 Wheelbarrow
19:29 Castle Age
19:25 Double-Bit Axe
19:24 Horse Collar
20:50 Bow Saw
21:33 Heavy Plow
26:00 Fletching
26:55 Ballistics
26:47 Padded Archer Armor
28:01 Hand Cart
28:14 Bodkin Arrow
28:09 Elite Skirmisher
31:35 Leather Archer Armor
33:21 Gold Mining
36:59 Imperial Age
36:15 Thumb Ring
36:14 Scale Mail Armor
36:17 Squires
35:37 Pikeman
36:03 Arson
38:03 Bracer
39:08 Chemistry
38:04 Murder Holes
39:39 Masonry
41:06 Halberdier
42:03 Chain Mail Armor
41:44 Elite Chu Ko Nu
43:21 Elite Chu Ko Nu
45:10 Two-Man Saw
45:07 Conscription
bloodninja24
4:55 Loom
17:41 Feudal Age
18:08 Fishing Lines
18:36 Double-Bit Axe
18:46 Gold Mining
20:26 Wheelbarrow
24:43 Castle Age
25:20 Gillnets
27:29 Bow Saw
32:43 Scale Barding Armor
32:49 Forging
33:31 Gold Shaft Mining
33:36 Hand Cart
35:14 Chain Barding Armor
37:47 Bloodlines
37:37 Husbandry
crewza523
13:04 Feudal Age
18:47 Castle Age
18:39 Loom
19:30 Double-Bit Axe
21:12 Stone Mining
23:04 Wheelbarrow
25:56 Horse Collar
33:32 Imperial Age
31:22 Bloodlines
31:46 Husbandry
31:53 Scale Barding Armor
32:36 Forging
33:33 Chain Barding Armor
33:18 Scale Mail Armor
34:42 Iron Casting
33:56 Cavalier
35:14 Plate Barding Armor
35:47 Hand Cart
36:59 Blast Furnace
36:59 Paladin
Matsko
24:14 Feudal Age
25:33 Wheelbarrow
25:03 Fishing Lines
32:13 Castle Age
30:15 Double-Bit Axe
30:28 Gold Mining
34:14 Hand Cart
36:19 Bow Saw
36:09 Horse Collar
36:59 Crossbowman
39:17 Stone Mining
Mavch31
3:16 Loom
14:17 Feudal Age
15:01 Fishing Lines
17:20 Double-Bit Axe
29:16 Castle Age
27:12 Gold Mining
27:13 Stone Mining
27:38 Forging
27:19 Fletching
27:29 Padded Archer Armor
27:35 Scale Barding Armor
27:14 Horse Collar
28:42 Wheelbarrow
28:56 Husbandry
29:38 Iron Casting
28:59 Bodkin Arrow
30:07 Leather Archer Armor
30:12 Heavy Plow
30:53 Gillnets
31:15 Medium Warships
32:00 Gold Shaft Mining
32:01 Stone Shaft Mining
30:52 Pikeman
40:42 Thalassocracy
事后诸葛亮
3:06 Loom
13:24 Feudal Age
18:12 Castle Age
18:04 Double-Bit Axe
19:15 Wheelbarrow
24:11 Bow Saw
26:03 Hand Cart
26:59 Gold Mining
32:48 Imperial Age
30:49 Scale Barding Armor
30:54 Forging
31:31 Gold Shaft Mining
31:33 Husbandry
32:04 Chain Barding Armor
33:22 Iron Casting
32:56 Cavalier
33:42 Chivalry
34:02 Conscription
34:21 Plate Barding Armor
35:31 Pikeman
36:11 Squires
35:56 Arson
38:24 Blast Furnace
37:26 Paladin
RedScott
5:23 Loom
14:26 Feudal Age
18:50 Castle Age
22:37 Wheelbarrow
22:59 Forging
22:41 Gold Mining
22:33 Horse Collar
22:40 Double-Bit Axe
24:39 Stone Mining
27:34 Heavy Plow
29:29 Hand Cart
29:34 Husbandry
30:28 Bloodlines
32:34 Stone Shaft Mining
36:32 Imperial Age
34:50 Iron Casting
35:05 Scale Barding Armor
37:18 Chain Barding Armor
38:40 Blast Furnace
37:33 Cavalier
39:22 Conscription
39:50 Plate Barding Armor
44:06 Squires
43:51 Arson
44:48 Pikeman
45:23 Halberdier
Connection lost

Rejoining the realm…

Still unreachable

The connection could not be restored.

Session expired

The server has moved on; the page needs a fresh start.